 Dungeon Crawl Stone Soup version 0.29-a0-495-g17b79114eb (webtiles) character file.

Game seed: 2429977032787949714

313 xian the Covered (level 6, 0/38 HPs)
             Began as a Gargoyle Fighter on May 28, 2022.
             Splashed by a jelly's acid (2 damage)
             ... on level 4 of the Dungeon.
             The game lasted 00:06:55 (2802 turns).

xian the Covered (Gargoyle Fighter)                 Turns: 2802, Time: 00:06:56

Health: 0/38       AC: 11    Str: 22    XL:     6   Next: 43%
Magic:  6/6        EV:  9    Int:  8    God:
Gold:   136        SH:  4    Dex:  9    Spells: 5/5 levels left

rFire   x . .      SeeInvis .   i - +4 dagger (drain)
rCold   + . .      Faith    .   c - +0 buckler
rNeg    + . .      Spirit   .   b - +0 scale mail
rPois   ∞          Reflect  .   r - +1 helmet
rElec   +          Harm     .   (no cloak)
rCorr   .          Rampage  .   (no gloves)
Will    .....                   m - +0 pair of boots
Stlth   ..........              (no amulet)
HPRegen 0.12/turn               t - ring of ice
MPRegen 0.10/turn               (no ring)

@: corroded
A: sickness immunity, AC +4, negative energy resistance 1, electricity
resistance, torment resistance 1, petrification resistance
a: no special abilities


You were on level 4 of the Dungeon.
You visited 1 branch of the dungeon, and saw 4 of its levels.

You collected 136 gold pieces.

Inventory:

Hand Weapons
 i - a +4 dagger of draining (weapon)
Missiles
 p - 6 poisoned darts (quivered)
Armour
 b - a +0 scale mail (worn)
 c - a +0 buckler (worn)
 m - a +0 pair of boots (worn)
 r - a +1 helmet (worn)
Jewellery
 t - a ring of ice (left hand)
Wands
 l - a wand of flame (23)
Scrolls
 a - 2 scrolls of immolation {unknown}
 j - 2 scrolls of identify {unknown}
 k - a scroll of fog {unknown}
 n - a scroll of noise {unknown}
 o - a scroll of enchant armour {unknown}
 q - a scroll of teleportation {unknown}
 s - a scroll of enchant weapon {unknown}
 u - a scroll of magic mapping {unknown}
 v - a scroll of blinking {unknown}
Potions
 d - a potion of might
 e - 3 potions of mutation {unknown}
 f - 3 potions of flight {unknown}
 g - a potion of ambrosia {unknown}
 h - 2 potions of heal wounds {unknown}


   Skills:
 + Level 3.9 Fighting
 + Level 2.7 Short Blades
 + Level 2.9 Maces & Flails
 + Level 5.2 Armour
 + Level 0.5 Dodging
 + Level 0.2 Stealth
 + Level 4.0 Shields


You had 5 spell levels left.
You didn't know any spells.
Your spell library contained the following spells:

 Spells                   Type           Power      Damage    Failure   Level
 Animate Dead             Necr           0%         N/A       100%        4
 Blade Hands              Tmut           0%         N/A       100%        5
 Irradiate                Conj/Tmut      0%         3d13      100%        5
 Dragon Form              Tmut           0%         N/A       100%        7
 Haunt                    Necr/Summ      0%         N/A       100%        7
 Borgnjor's Revivificati  Necr           0%         N/A       100%        8
 Infestation              Necr           0%         N/A       100%        8
 Necromutation            Tmut/Necr      0%         N/A       100%        8
 Death's Door             Necr           0%         N/A       100%        9


Dungeon Overview and Level Annotations

Branches:
Dungeon (4/15)
 Temple: D:4-7

Altars:


Innate Abilities, Weirdness & Mutations

You are immune to sickness and miasma.
Your stone body is resilient. (AC +4)
You are immune to poison.
You resist negative energy. (rN+)
You are resistant to electric shocks. (rElec)
You are resistant to unholy torment.
You are immune to petrification.


Message History

You kill the ogre!
Your Shields skill increases to level 4!
Things that are here:
a +0 giant spiked club; an ogre corpse
Things that are here:
a +0 giant spiked club; an ogre corpse You see here a +0 mace.
A kobold comes into view. It is wielding a +0 short sword.
The kobold shouts!
You see here a +0 mace.
The kobold hits you but does no damage.
You hit the kobold. You drain the kobold.
You kill the kobold!
You see here a +0 short sword.
A jelly comes into view.
The jelly hits you but does no damage.
You hit the jelly. The acid corrodes you!
Your hands burn!
The jelly is moderately wounded.
The jelly hits you but does no damage.
You hit the jelly.
Your hands burn!
The jelly is moderately wounded.
The jelly hits you but does no damage.
You hit the jelly. You drain the jelly.
Your hands burn!
The jelly is severely wounded.
The jelly hits you.
You are splashed with acid!
* * * LOW HITPOINT WARNING * * *
You hit the jelly.
Your hands burn!
* * * LOW HITPOINT WARNING * * *
The jelly is severely wounded.
You hear the slow rusting of a very distant drain.
The jelly hits you but does no damage.
You completely miss the jelly.
The jelly is severely wounded.
You block the jelly's attack.
You hit the jelly.
Your hands burn!
* * * LOW HITPOINT WARNING * * *
The jelly is severely wounded.
You block the jelly's attack.
You hit the jelly but do no damage.
Your hands burn!
You die...

.# .# +######## ..
+.......# ##.
........# #......
#.# ........#
#.##... #.#
........######.#...
#.# #.....@J...#..#
#.# #.#######..#..#
#.# # #..#..# .#.#
#..#..##.#.#
#........#.#
#.##.#)###)#
#.##....)..#
#.####....##
#.........#


You could see a jelly (very drained).

Vanquished Creatures
  An ogre (D:4)
  Natasha (thrice) (D:2)
  An orc wizard (D:2)
  5 adders
  A worm (D:3)
  2 dart slugs
  3 orcs
  8 ball pythons
  3 bats
  9 endoplasms
  3 giant cockroaches
  8 goblins
  4 hobgoblins
  6 jackals
  A quokka (D:1)
  5 frilled lizards
  8 kobolds
  10 rats
81 creatures vanquished.

Vanquished Creatures (others)
  An orc wizard (D:2)
  8 plants (D:2)
9 creatures vanquished.

Grand Total: 90 creatures vanquished

Notes
Turn   | Place    | Note
-------+----------+-------------------------------------------
     0 | D:1      | xian the Gargoyle Fighter began the quest for the Orb.
     0 | D:1      | Reached XP level 1. HP: 14/14 MP: 1/1
   264 | D:1      | Reached XP level 2. HP: 17/19 MP: 2/2
   582 | D:1      | Reached XP level 3. HP: 23/23 MP: 3/3
  1174 | D:2      | Reached skill level 4 in Armour
  1174 | D:2      | Reached XP level 4. HP: 25/28 MP: 4/4
  1392 | D:2      | Reached skill level 1 in Short Blades
  1516 | D:2      | Noticed Natasha
  1525 | D:2      | Killed Natasha
  1526 | D:2      | Reached XP level 5. HP: 29/32 MP: 5/5
  1584 | D:2      | Noticed Natasha
  1591 | D:2      | Killed Natasha
  1660 | D:2      | Noticed Natasha
  1668 | D:2      | Killed Natasha
  2249 | D:3      | Reached skill level 5 in Armour
  2330 | D:3      | Found a faded altar of an unknown god.
  2483 | D:3      | Reached XP level 6. HP: 37/38 MP: 6/6
  2802 | D:4      | Splashed by a jelly's acid

Illustrated notes

Levels and vault maps discovered:
D:1:      lightli_arrival_quake, layout_loops_ring
D:2:      kennysheep_big_flooded_room, layout_loops_ring, serial_bayou_crossing,
          uniq_natasha
D:3:      layout_rooms, hellmonk_ecumenical_altar_lost_god
D:4:      layout_basic, cheibrodos_sewer_entry_bend

Skill      XL: |  1  2  3  4  5  6 |
---------------+-------------------+-----
Armour         | 4 5 |  5.2
Short Blades   | 1 2 |  2.7
Shields        | 4 |  4.0
Fighting       | |  3.9
Maces & Flails | |  2.9
Dodging        | |  0.5
Stealth        | |  0.2

Action                   |  1- 3 |  4- 6 || total
-------------------------+-------+-------++-------
Melee: Flail             |    44 |       ||    44
       Dagger            |    44 |   152 ||   196
Armor: Scale mail        |    40 |    62 ||   102
Dodge: Dodged            |    36 |    72 ||   108
Block: Buckler           |    13 |    30 ||    43

Table legend: (Time is in decaauts)
 A = Elapsed time spent in this place.
 B = Non-inter-level travel time spent in this place.
 C = Inter-level travel time spent in this place.
 D = Time resting spent in this place.
 E = Time spent auto-exploring this place.
 F = Levels seen in this place.
 G = Mean time per level.
                   A        B        C        D        E       F      G
               +--------+--------+--------+--------+--------+-----+--------+
         Total |   2832 |   2743 |     89 |      0 |   1769 |   4 |  708.0 |
       Dungeon |   2832 |   2743 |     89 |      0 |   1769 |   4 |  708.0 |
               +--------+--------+--------+--------+--------+-----+--------+

Top non-repeatable levels by time:
     D:1: 1118 daAuts
     D:2: 1055 daAuts
     D:3: 606 daAuts
     D:4: 52 daAuts
